 Dungeon Crawl Stone Soup version 0.31.0-12-g77e489cdc1 (webtiles) character file.

Game seed: 11272848980393578532

3162 spaghetti the Nimble (level 9, -18/52 HPs)
             Began as a Tengu Chaos Knight on Feb 15, 2024.
             Was a Follower of Uskayaw.
             Killed from afar by Maggie (24 damage)
             ... with a bolt of fire
             ... on level 8 of the Dungeon.
             The game lasted 00:09:13 (6438 turns).

spaghetti the Nimble (Tengu Chaos Knight)           Turns: 6438, Time: 00:09:14

Health: -18/52     AC:  6    Str: 13      XL:     9   Next: 94%
Magic:  20/20      EV: 20    Int: 13      God:    Uskayaw [*.....]
Gold:   320        SH:  0    Dex: 16 (17) Spells: 8/8 levels left

rFire   . . .        o - +1 dagger (vamp)
rCold   + . .        (no shield)
rNeg    . . .        b - +3 leather armour
rPois   .            f - +0 hat
rElec   .            (no cloak)
rCorr   .            (no gloves)
SInv    .            (boots unavailable)
Will    .....        (no amulet)
Stlth   ++++         d - ring of magical power
HPRegen 0.28/turn    (no ring)
MPRegen 0.17/turn

%: acrobat
@: about to teleport, flying
A: beak, talons 3, evasive flight, acrobatic, cold resistance 1, deterioration
1, no potion heal 1
a: Renounce Religion, Stomp


You were on level 8 of the Dungeon.
You worshipped Uskayaw.
Uskayaw was noncommittal.
You visited 1 branch of the dungeon, and saw 8 of its levels.

You collected 424 gold pieces.
You spent 104 gold pieces at shops.

Inventory:

Hand Weapons
 a - a +0 falchion of protection
 o - a +1 vampiric dagger (weapon)
Armour
 b - a +3 leather armour (worn)
 f - a +0 hat (worn)
Jewellery
 d - a ring of magical power (left hand)
Wands
 n - a wand of flame (17)
Scrolls
 e - 5 scrolls of teleportation
 h - 4 scrolls of immolation
 i - a scroll of silence
 k - a scroll of fog
 l - a scroll of enchant armour
 m - 3 scrolls of identify
Potions
 g - a potion of enlightenment
 p - 2 potions of brilliance
 q - 2 potions of attraction


   Skills:
 + Level 4.1 Fighting
 - Level 8.3 Long Blades
 - Level 2.1 Armour
 + Level 8.5 Dodging
 + Level 8.2 Stealth
 * Level 2.5 Invocations


You had 8 spell levels left.
You didn't know any spells.
Your spell library contained the following spells:

 Spells                   Type           Power      Damage    Failure   Level
 Sandblast                Erth           0%         2d4       36%         1
 Shock                    Conj/Air       0%         1d3       36%         1
 Swiftness                Air            0%         N/A       75%         3
 Tukima's Dance           Hex            0%         N/A       75%         3
 Airstrike                Air            0%         2d(0-16)  98%         4
 Passage of Golubria      Tloc           0%         N/A       98%         4
 Yara's Violent Unravell  Hex/Alch       0%         3d3       100%        5


Dungeon Overview and Level Annotations

Branches:
Dungeon (8/15)             Temple (0/1) D:5
   Lair: D:8-11

Altars:
Elyvilon
Gozag
Kikubaaqudgha
Sif Muna
Uskayaw
Xom
Zin

Shops:
D:4 =:*:

Annotations:
D:7 Joseph
D:8 Grum, Maggie, Prince Ribbit


Innate Abilities, Weirdness & Mutations

You have a beak for a mouth.
You have claws for feet.
Your magical flight helps you evade attacks. (EV +4)
You can magically evade attacks while moving or waiting.
Your flesh is cold resistant. (rC+)
Your body sometimes deteriorates upon taking damage.
Potions are less effective at restoring your health.


Message History

There is a stone staircase leading up here.
Maggie is nearby!
Maggie is nearby!
Found a stone staircase leading up.
Maggie shouts!
You hear a howl!
Maggie mumbles some strange words.
Maggie attempts to bespell you! You resist.
You hear an angry growl.
You hear a howl! x2; You hear a shout! x3
You hit Maggie but do no damage. You claw Maggie.
Maggie is lightly wounded.
You barely miss Maggie. You claw Maggie. You peck Maggie.
Maggie is lightly wounded.
Maggie barely misses you.
Okay, then.
You barely miss Maggie. Your kick misses Maggie.
Maggie is lightly wounded.
Maggie gestures at you while chanting. The bolt of fire hits you!
* * * LOW HITPOINT WARNING * * *
You hear a howl!
You hear a croak.
Blink to where?
Press: ? - help, Dir - move target Grum and 2 wolves come into view.
As you read the scroll of blinking, it crumbles to dust.
Grum growls angrily.
You hear a shout!
A wolf comes into view.
A kobold comes into view. It is wielding a +0 short sword.
Maggie gives herself a magical halo, but it quickly sputters out.
The wolf completely misses you.
Okay, then.
Blink to where?
Press: ? - help, Dir - move target Prince Ribbit comes into view.
As you read the scroll of blinking, it crumbles to dust.
As you read the scroll of teleportation, it crumbles to dust.
You feel strangely unstable.
Maggie points at you and mumbles some strange words.
The bolt of fire hits you!!
You die...
Xom titters!

##############
............@##
<..####.<...h$..#
........@...#>#.#
...###.####h#F#.#
#. #.#h# # ..
.h.g# #.. ..#...
... ##. ... ....
.. ....


You could see Maggie, Grum, Prince Ribbit and 3 wolves.

Vanquished Creatures
  Pikel (D:4)
  Grinder (D:6)
  Sigmund (D:3)
  A steam dragon (D:7)
  An orc warrior (D:7)
  4 black bears
  A sky beast (D:7)
  3 ice beasts
  3 ogres
  A kobold brigand (D:7)
  A phantom (D:5)
  3 bullfrogs
  3 scorpions
  A howler monkey (D:6)
  A bombardier beetle (D:5)
  A gnoll bouda (D:7)
  2 hounds (D:5)
  6 iguanas
  Jessica (D:2)
  An orc wizard (D:6)
  Natasha (twice) (D:2)
  9 adders
  8 gnolls
  4 ufetubi
  A ribbon worm (D:3)
  A dart slug (D:3)
  13 orcs
  4 endoplasms
  10 goblins
  8 hobgoblins
  A jackal (D:1)
  5 quokkas
  5 ball pythons
  6 bats
  4 frilled lizards
  15 kobolds
  3 rats (D:3)
136 creatures vanquished.

Notes
Turn   | Place    | Note
-------+----------+-------------------------------------------
     0 | D:1      | spaghetti the Tengu Chaos Knight began the quest for the
                  | Orb.
     0 | D:1      | Reached XP level 1. HP: 14/14 MP: 2/2
    16 | D:1      | XOM: divination: detect creatures
   129 | D:1      | XOM: silly message
   196 | D:1      | Reached XP level 2. HP: 19/19 MP: 3/3
   284 | D:1      | XOM: silly message
   750 | D:1      | XOM: silly message
   946 | D:2      | Reached XP level 3. HP: 17/23 MP: 4/4
   999 | D:2      | Found a faded altar of an unknown god.
  1007 | D:2      | Got Plato's Teachings on Minerals
  1097 | D:2      | Noticed Natasha
  1100 | D:2      | Noticed Jessica
  1128 | D:2      | XOM: cloud trail
  1266 | D:2      | Reached skill level 1 in Stealth
  1317 | D:2      | XOM: cloud trail
  1319 | D:2      | Found a hide-covered altar of Uskayaw.
  1332 | D:2      | XOM: confuse monster(s)
  1336 | D:2      | XOM: butterfly on damage
  1338 | D:2      | Killed Jessica
  1339 | D:2      | Reached XP level 4. HP: 6/28 MP: 5/5
  1373 | D:2      | XOM: noise
  1503 | D:2      | XOM: silly message
  1511 | D:2      | Fell from the grace of Xom
  1511 | D:2      | Became a worshipper of Uskayaw the Reveller
  1581 | D:2      | Reached * piety under Uskayaw
  1584 | D:2      | Killed Natasha
  1584 | D:2      | Reached ** piety under Uskayaw
  1638 | D:2      | XOM: give mutation
  1638 | D:2      | Gained mutation: Your mind is acute. (Int +4, Str/Dex -1)
                  | [Xom's grace]
  1876 | D:2      | Noticed Natasha
  1890 | D:2      | Killed Natasha
  1891 | D:2      | Reached XP level 5. HP: 17/32 MP: 6/6
  1979 | D:3      | Noticed Sigmund
  1989 | D:3      | Reached *** piety under Uskayaw
  1991 | D:3      | Killed Sigmund
  1992 | D:3      | Reached skill level 5 in Long Blades
  1992 | D:3      | Reached XP level 6. HP: 33/37 MP: 7/7
  1993 | D:3      | Reached **** piety under Uskayaw
  2156 | D:3      | XOM: scenery: summon butterflies
  2195 | D:3      | XOM: 4-stop teleportation journey
  2891 | D:3      | XOM: cloud trail
  2929 | D:3      | XOM: summons 5 hostile demons
  2930 | D:3      | Noticed an orange demon
  2931 | D:3      | Lost mutation: Your mind is acute. (Int +4, Str/Dex -1)
                  | [potion of mutation]
  2931 | D:3      | Gained mutation: Your magical capacity is low. (-10% MP)
                  | [potion of mutation]
  2931 | D:3      | Gained mutation: You are clumsy. (Dex -2) [potion of
                  | mutation]
  3017 | D:4      | Lost mutation: You are clumsy. (Dex -2) [potion of
                  | mutation]
  3017 | D:4      | Lost mutation: Your magical capacity is low. (-10% MP)
                  | [potion of mutation]
  3017 | D:4      | Gained mutation: You are vulnerable to cold. (rC-) [potion
                  | of mutation]
  3038 | D:4      | Found Taat's Book Boutique.
  3043 | D:4      | XOM: stat loss: -1 Dex (14/15)
  3055 | D:4      | Found Qoig's Jewellery Shop.
  3064 | D:4      | Found Istoum's General Store.
  3067 | D:4      | Bought a potion of heal wounds for 65 gold pieces
  3067 | D:4      | Bought a scroll of teleportation for 39 gold pieces
  3137 | D:4      | Gained mutation: Your magical flight helps you evade
                  | attacks. (EV +4) [Tengu growth]
  3137 | D:4      | Reached XP level 7. HP: 41/41 MP: 8/8
  3251 | D:4      | Noticed Pikel
  3267 | D:4      | Killed Pikel
  3268 | D:4      | Reached skill level 5 in Dodging
  3268 | D:4      | Reached skill level 5 in Stealth
  3268 | D:4      | Reached XP level 8. HP: 24/46 MP: 9/9
  3403 | D:4      | Found an opulent altar of Gozag.
  3667 | D:4      | XOM: give mutations
  3667 | D:4      | Gained mutation: You are partially covered in large bone
                  | plates. (SH +4) [Xom's grace]
  3667 | D:4      | Lost mutation: You are vulnerable to cold. (rC-) [Xom's
                  | grace]
  3667 | D:4      | Gained mutation: Your flesh is cold resistant. (rC+) [Xom's
                  | grace]
  3714 | D:4      | Found Hajukh's Book Emporium.
  3929 | D:5      | Entered Level 5 of the Dungeon
  4075 | D:5      | Reached ***** piety under Uskayaw
  4198 | D:5      | Found a staircase to the Ecumenical Temple.
  4338 | D:5      | Found an ancient bone altar of Kikubaaqudgha.
  4339 | D:5      | Found a shimmering altar of Xom.
  4407 | D:5      | Reached XP level 9. HP: 32/50 MP: 10/10
  4524 | D:5      | XOM: noise
  4879 | D:6      | XOM: 4-stop teleportation journey
  5077 | D:6      | XOM: give mutations
  5077 | D:6      | Gained mutation: Potions are less effective at restoring
                  | your health. [Xom's mischief]
  5077 | D:6      | Gained mutation: Your health recovers twice as slowly from
                  | being drained. [Xom's mischief]
  5077 | D:6      | Lost mutation: You are partially covered in large bone
                  | plates. (SH +4) [Xom's mischief]
  5132 | D:6      | Noticed Grinder
  5136 | D:6      | Killed Grinder
  5212 | D:6      | XOM: give mutations
  5212 | D:6      | Lost mutation: Your health recovers twice as slowly from
                  | being drained. [Xom's mischief]
  5212 | D:6      | Gained mutation: Your body sometimes deteriorates upon
                  | taking damage. [Xom's mischief]
  5448 | D:6      | Found a glowing silver altar of Zin.
  5547 | D:6      | Found a shimmering blue altar of Sif Muna.
  5997 | D:7      | Reached skill level 1 in Invocations
  6012 | D:7      | Reached ****** piety under Uskayaw
  6034 | D:7      | Found a white marble altar of Elyvilon.
  6404 | D:7      | Noticed Joseph
  6431 | D:8      | Noticed Maggie
  6436 | D:8      | Noticed Grum
  6437 | D:8      | Noticed Prince Ribbit
  6438 | D:8      | Killed from afar by Maggie

Illustrated notes

Levels and vault maps discovered:
D:1:      scummos_arrival_checkerplants, layout_loops_corners, minmay_ruptured
D:2:      layout_loops_cross, basic_altar, shapermc_ecumenical_altar_rom_forum,
          dk_vineyard_2, uniq_natasha, uniq_jessica
D:3:      kennysheep_six_static_rooms, layout_basic,
          minmay_randomly_rotated_circles, uniq_sigmund
D:4:      layout_loops_ring, lemuel_round_altar, serial_shops,
          nicolae_shop_hallway_stairs, nicolae_shop_tiny_real_fake_doors, shop,
          shop, uniq_pikel
D:5:      minmay_razor_zed, layout_cave_pods, jmf_multi_god_temple,
          minmay_temple_entry_sparse_star, minmay_joined_circles
D:6:      layout_basic, tgw_sif, mainiacjoe_overflow_surrounded_room,
          nrook_campfire, uniq_grinder
D:7:      nicolae_BIG_FREAKIN_CUBE, layout_rooms, mainiacjoe_overflow_chevrons,
          uniq_joseph
D:8:      layout_loops_ring, serial_shops, shop, amcnicky_mini_pool_small,
          nicolae_diode_quadrants, uniq_grum, uniq_maggie, uniq_psyche,
          uniq_prince_ribbit1, uniq_erica

Skill      XL: |  1  2  3  4  5  6  7  8  9 |
---------------+----------------------------+-----
Dodging        | 2 3 4 5 7 8 |  8.5
Long Blades    | 4 5 6 8 |  8.3
Stealth        | 1 2 3 5 6 8 |  8.2
Invocations    | 2 |  2.5
Fighting       | 4 |  4.1
Armour         | |  2.1

Action                     |  1- 3 |  4- 6 |  7- 9 || total
---------------------------+-------+-------+-------++-------
  Melee: Falchion          |    47 |   125 |   151 ||   323
         Kick              |    10 |    36 |   134 ||   180
         Peck              |     4 |    18 |    65 ||    87
         Punch             |       |       |     5 ||     5
         Dagger            |       |       |   182 ||   182
  Throw: Throwing net      |       |       |     1 ||     1
 Invoke: Line Pass         |       |       |     2 ||     2
         Stomp             |       |       |     1 ||     1
    Use: Scroll            |     7 |     5 |    11 ||    23
         Potion            |     3 |    10 |     6 ||    19
   Stab: Sleeping          |     2 |     8 |    16 ||    26
         Paralysed         |       |     2 |     9 ||    11
         Distracted        |       |       |     1 ||     1
         Confused          |       |       |     1 ||     1
 Armour: Leather armour    |    30 |    75 |   141 ||   246
  Dodge: Dodged            |    36 |   141 |   287 ||   464
  Block: Other             |       |       |    20 ||    20
